Avalanche vs Flames
(R1)
Created - 5 mars 2015 at 19:52
Goals
|
| Avalanche |
0 |
3 |
0 |
3 |
| Flames |
1 |
3 |
1 |
5 |
|
Shots
|
| Avalanche |
6 |
13 |
8 |
27 |
| Flames |
6 |
14 |
6 |
26 |
|
1st period
1. Flames , Milan Hejduk 19 (Ron Hainsey, Mikhail Grabovski) at 6:18
Penalties :
No Penalty
2nd period
2. Flames , David Backes 34 (Alexander Semin, Eric Staal) at 0:12
3. Avalanche , Michael Rupp 12 (Pierre-Marc Bouchard) at 0:57
4. Flames , Mark Bell 15 (Mikhail Grabovski, Eric Staal) at 1:28
5. Avalanche , Ryan Smyth 28 (Corey Perry) at 9:46
6. Avalanche , Jason Allison 27 (Ryan Smyth, Dustin Byfuglien) at 11:13 (PP)
7. Flames , Mark Bell 16 (Milan Hejduk, Erik Johnson) at 14:03 (PP)
Penalties :
Shane O'Brien (Col) for Roughing (Minor) at 1:34, Filip Kuba (Cal) for Elbowing (Minor) at 5:41, Milan Hejduk (Cal) for Cross-checking (Minor) at 11:04, Pierre-Marc Bouchard (Col) for Holding (Minor) at 13:27, Tim Ramholt (Col) for Goalie Interference (Minor) at 17:00
3rd period
8. Flames , Eric Staal 34 (Alexander Semin) at 19:29 (Empty Net)
Penalties :
Jason Pominville (Col) for Holding (Minor) at 11:01, Ryan Smyth (Col) for Hooking (Minor) at 14:45
Goalie Stats
Jimmy Howard (Col), 21 saves from 25 shots - (0,840), L, 28-14-6, 59:31 minutes
Craig Anderson (Cal), 24 saves from 27 shots - (0,889), W, 9-8-1, 60:00 minutes
Players Stats for Avalanche
Player Name G A P +/- PIM S H SB GA TA FO MP PP MP PK MP
------------------------------------------------------------------------------------
Andrew Ladd 0 0 0 0 0 1 2 1 0 0 0/1 14:38 0:00 5:07
Brian Campbell 0 0 0 0 0 0 2 2 1 0 0/0 17:37 1:22 0:47
Bryan Little 0 0 0 -1 0 2 1 1 0 0 2/4 11:13 0:00 0:00
Chuck Kobasew 0 0 0 -1 0 0 1 0 0 1 1/1 15:07 0:00 2:55
Corey Perry 0 1 1 0 0 3 0 0 0 0 0/0 8:54 1:07 0:00
Dave Tanabe 0 0 0 -1 0 0 0 0 1 0 0/0 17:06 1:14 3:11
Dustin Byfuglien 0 1 1 -1 0 2 0 0 0 0 2/4 15:31 0:09 2:09
Jack Johnson 0 0 0 -1 0 4 1 2 1 0 0/0 25:59 0:54 5:21
Jason Allison 1 0 1 -1 0 2 1 0 0 1 6/20 17:54 1:16 0:41
Jason Pominville 0 0 0 0 2 3 0 0 0 0 0/0 16:41 0:52 0:00
Marc Staal 0 0 0 -1 0 0 1 0 0 1 0/0 25:45 0:46 5:21
Michael Rupp 1 0 1 0 0 3 2 0 1 0 0/0 15:28 0:00 0:56
Mike Comrie 0 0 0 0 0 0 1 0 0 0 2/8 12:35 0:00 5:16
Pierre-Marc Bouchard 0 1 1 0 2 1 1 1 1 0 8/11 15:48 0:52 0:00
Rostislav Olesz 0 0 0 -1 0 1 1 0 0 0 0/0 12:08 0:52 0:00
Ryan Smyth 1 1 2 -1 2 4 1 0 1 0 2/2 17:19 1:16 0:00
Shane O'Brien 0 0 0 -1 2 0 1 0 0 1 0/0 15:55 0:00 2:24
Tim Ramholt 0 0 0 0 2 1 1 1 0 0 0/0 15:45 0:00 0:00
Players Stats for Flames
Player Name G A P +/- PIM S H SB GA TA FO MP PP MP PK MP
------------------------------------------------------------------------------------
Alexander Semin 0 2 2 1 0 3 1 0 0 0 1/2 22:57 4:50 0:37
Colin Wilson 0 0 0 0 0 2 0 0 0 0 0/0 8:12 0:00 0:00
Craig Adams 0 0 0 0 0 0 4 0 0 0 0/0 9:06 0:00 0:00
David Backes 1 0 1 1 0 3 3 0 0 0 0/0 22:12 4:50 0:34
Eric Staal 1 2 3 1 0 3 2 0 0 1 22/37 23:31 4:50 1:09
Erik Johnson 0 1 1 -2 0 0 1 4 0 1 0/0 20:59 4:37 1:17
Filip Kuba 0 0 0 1 2 1 1 1 1 2 0/0 22:35 3:55 0:09
Jordin Tootoo 0 0 0 0 0 1 1 0 0 0 0/0 12:53 0:00 0:25
Keith Ballard 0 0 0 1 0 2 0 0 0 0 0/0 12:07 0:00 0:49
Mark Bell 2 0 2 1 0 3 1 1 1 0 0/0 15:53 3:42 0:00
Mike Leclerc 0 0 0 0 0 1 1 0 0 0 0/0 9:14 0:00 1:06
Mikhail Grabovski 0 2 2 1 0 0 0 0 0 0 3/9 12:45 0:00 0:25
Milan Hejduk 1 1 2 1 2 2 1 0 1 0 0/1 15:53 3:42 0:00
Patrik Berglund 0 0 0 0 0 0 2 0 0 0 2/2 15:49 3:42 0:00
Ron Hainsey 0 1 1 1 0 3 0 1 0 0 0/0 16:50 3:55 0:42
Steve Eminger 0 0 0 3 0 0 2 3 0 1 0/0 21:56 0:00 1:19
Steve Regier 0 0 0 0 0 0 2 0 0 0 0/0 11:49 0:00 0:00
Tomas Kaberle 0 0 0 0 0 2 1 1 1 1 0/0 23:09 4:37 0:00
3 Stars
1 - Eric Staal (Cal)
2 - Mark Bell (Cal)
3 - David Backes (Cal)
Power Play
Avalanche - 1 on 2 Attempt(s) - 50,00%
Flames - 1 on 5 Attempt(s) - 20,00%
Penalty Kill
Avalanche - 4 on 5 Attempt(s) - 80,00%
- Score 0 goal in Penalty Kill
Flames - 1 on 2 Attempt(s) - 50,00%
- Score 0 goal in Penalty Kill
Team Stat
Avalanche - Hits : 17 - Faceoff Wins : 23 - Blocked Shots : 8 - Penalty Minutes : 10
Flames - Hits : 23 - Faceoff Wins : 28 - Blocked Shots : 11 - Penalty Minutes : 4
Official
Referees : Kozari Steve and Joannette Marc
Linesman : Darren Gibbs and Jean Morin
Game Notes
Corey Perry is injured at 10:27 of 2nd period (Bruised Right Leg)
Eric Staal has scored in a empty net!
Finance
Level 1 -- Attendance: 5535 (92,25%) -- Ticket Income 470 475 $
Level 2 -- Attendance: 3504 (70,08%) -- Ticket Income 227 760 $
Level 3 -- Attendance: 1396 (69,80%) -- Ticket Income 55 840 $
Level 4 -- Attendance: 2387 (59,68%) -- Ticket Income 71 610 $
Luxury Box -- Attendance: 626 (62,60%) -- Ticket Income 137 720 $
Game was played at the Metal Center'
Total Attendance: 13448 (74,71%)
Total Ticket Income: 963 405 $
Other Income: 144 511 $
Total Income: 1 107 916 $
Avalanche
5 vs 5 Forward
Center Left Wing Right Wing Time % Phy DF OF
1 Jason Allison Ryan Smyth Corey Perry 35 1 2 2
2 Pierre-Marc Bouchard Michael Rupp Jason Pominville 35 1 2 2
3 Mike Comrie Andrew Ladd Dustin Byfuglien 15 1 2 2
4 Bryan Little Rostislav Olesz Chuck Kobasew 15 1 2 2
5 vs 5 Defense
Defense Defense Time % Phy DF OF
1 Jack Johnson Marc Staal 40 1 2 2
2 Dave Tanabe Shane O'Brien 30 1 2 2
3 Brian Campbell Tim Ramholt 30 1 2 2
4 Jack Johnson Marc Staal 0 1 2 2
PowerPlay Forward
Center Left Wing Right Wing Time % Phy DF OF
1 Jason Allison Ryan Smyth Corey Perry 60 1 2 2
2 Pierre-Marc Bouchard Rostislav Olesz Jason Pominville 40 1 2 2
PowerPlay Defense
Defense Defense Time % Phy DF OF
1 Jack Johnson Brian Campbell 60 1 2 2
2 Dave Tanabe Marc Staal 40 1 2 2
Penalty Kill 4 Players Forward
Center Wing Time % Phy DF OF
1 Mike Comrie Andrew Ladd 60 1 2 2
2 Dustin Byfuglien Chuck Kobasew 40 1 2 2
Penalty Kill 4 Players Defense
Defense Defense Time % Phy DF OF
1 Jack Johnson Marc Staal 60 1 2 2
2 Dave Tanabe Shane O'Brien 40 1 2 2
Penalty Kill - 3 Players Forward
Forward Time % Phy DF OF
1 Mike Comrie 60 1 2 2
2 Jason Pominville 40 1 2 2
Penalty Kill - 3 Players Defense
Defense Defense Time % Phy DF OF
1 Jack Johnson Marc Staal 60 1 2 2
2 Dave Tanabe Shane O'Brien 40 1 2 2
4 vs 4 Forward
Center Wing Time % Phy DF OF
1 Corey Perry Jason Pominville 60 1 2 2
2 Mike Comrie Ryan Smyth 40 1 2 2
4 vs 4 Defense
Defense Defense Time % Phy DF OF
1 Jack Johnson Marc Staal 60 1 2 2
2 Dave Tanabe Brian Campbell 40 1 2 2
Last Minutes Offensive
Center Left Wing Right Wing Defense Defense
Jason Allison Ryan Smyth Corey Perry Jack Johnson Brian Campbell
Last Minutes Defensive
Center Left Wing Right Wing Defense Defense
Mike Comrie Ryan Smyth Dustin Byfuglien Jack Johnson Marc Staal
Goaltenders
Starting : Jimmy Howard
Backup : Marty Turco
Extra Forwards
Normal : Dustin Byfuglien, Andrew Ladd, Chuck Kobasew - PP : Dustin Byfuglien, Andrew Ladd - PK : Chuck Kobasew
Extra Defensemen
Normal : Brian Campbell, Shane O'Brien, Dave Tanabe - PP : Brian Campbell - PK : Shane O'Brien, Dave Tanabe
Penalty Shots
Corey Perry, Jason Pominville, Pierre-Marc Bouchard, Ryan Smyth, Mike Comrie
Flames
5 vs 5 Forward
Center Left Wing Right Wing Time % Phy DF OF
1 Eric Staal Alexander Semin David Backes 40 1 2 2
2 Mikhail Grabovski Mark Bell Milan Hejduk 30 1 2 2
3 Patrik Berglund Steve Regier Jordin Tootoo 20 1 2 2
4 Colin Wilson Mike Leclerc Craig Adams 10 1 2 2
5 vs 5 Defense
Defense Defense Time % Phy DF OF
1 Tomas Kaberle Steve Eminger 40 1 2 2
2 Filip Kuba Erik Johnson 30 1 2 2
3 Keith Ballard Ron Hainsey 20 1 2 2
4 Filip Kuba Steve Eminger 10 1 2 2
PowerPlay Forward
Center Left Wing Right Wing Time % Phy DF OF
1 Eric Staal Alexander Semin David Backes 60 1 2 2
2 Patrik Berglund Mark Bell Milan Hejduk 40 1 2 2
PowerPlay Defense
Defense Defense Time % Phy DF OF
1 Tomas Kaberle Erik Johnson 60 1 2 2
2 Filip Kuba Ron Hainsey 40 1 2 2
Penalty Kill 4 Players Forward
Center Wing Time % Phy DF OF
1 Eric Staal Mike Leclerc 60 1 3 1
2 Mikhail Grabovski Jordin Tootoo 40 1 3 1
Penalty Kill 4 Players Defense
Defense Defense Time % Phy DF OF
1 Filip Kuba Steve Eminger 60 1 3 1
2 Tomas Kaberle Erik Johnson 40 1 3 1
Penalty Kill - 3 Players Forward
Forward Time % Phy DF OF
1 Mike Leclerc 60 1 4 0
2 Craig Adams 40 1 4 0
Penalty Kill - 3 Players Defense
Defense Defense Time % Phy DF OF
1 Filip Kuba Steve Eminger 60 1 4 0
2 Tomas Kaberle Erik Johnson 40 1 4 0
4 vs 4 Forward
Center Wing Time % Phy DF OF
1 Eric Staal Alexander Semin 60 1 2 2
2 Patrik Berglund David Backes 40 1 2 2
4 vs 4 Defense
Defense Defense Time % Phy DF OF
1 Filip Kuba Steve Eminger 60 1 2 2
2 Tomas Kaberle Erik Johnson 40 1 2 2
Last Minutes Offensive
Center Left Wing Right Wing Defense Defense
Eric Staal Alexander Semin David Backes Tomas Kaberle Steve Eminger
Last Minutes Defensive
Center Left Wing Right Wing Defense Defense
Eric Staal Alexander Semin David Backes Filip Kuba Steve Eminger
Goaltenders
Starting : Craig Anderson
Backup : Pekka Rinne
Extra Forwards
Normal : Alexander Semin, Jordin Tootoo, Mikhail Grabovski - PP : Mark Bell, Milan Hejduk - PK : David Backes
Extra Defensemen
Normal : Erik Johnson, Tomas Kaberle, Keith Ballard - PP : Tomas Kaberle - PK : Erik Johnson, Filip Kuba
Penalty Shots
Alexander Semin, Eric Staal, David Backes, Milan Hejduk, Mark Bell
% Time on Ice - Avalanche
Lines # - Real PCT - Wanted PCT - Time Play
Normal Forward
1 - 32% - 35% - 15:49
2 - 32% - 35% - 15:38
3 - 12% - 15% - 6:05
4 - 23% - 15% - 11:13
Normal Defense
1 - 40% - 40% - 19:44
2 - 29% - 30% - 14:08
3 - 31% - 30% - 14:53
4 - 0% - 0% - 0:00
PP Forward
1 - 59% - 60% - 1:16
2 - 41% - 40% - 0:52
PP Defense
1 - 64% - 60% - 1:22
2 - 36% - 40% - 0:46
PK Forward
1 - 75% - 60% - 6:23
2 - 25% - 40% - 2:09
PK Defense
1 - 63% - 60% - 5:21
2 - 37% - 40% - 3:11
PK3 Forward
1 - 0% - 60%
2 - 0% - 40%
PK3 Defense
1 - 0% - 60%
2 - 0% - 40%
44 Forward
1 - 0% - 60%
2 - 0% - 40%
44 Defense
1 - 0% - 60%
2 - 0% - 40%
Last Minute Offensive - 0:35
Last Minute Defensive - 0:00
Total
Forward - 60:00
Defense - 60:00
|
% Time on Ice - Flames
Lines # - Real PCT - Wanted PCT - Time Play
Normal Forward
1 - 34% - 40% - 16:26
2 - 27% - 30% - 13:03
3 - 24% - 20% - 11:49
4 - 15% - 10% - 7:24
Normal Defense
1 - 43% - 40% - 20:53
2 - 30% - 30% - 14:30
3 - 21% - 20% - 10:19
4 - 6% - 10% - 3:00
PP Forward
1 - 57% - 60% - 4:50
2 - 43% - 40% - 3:42
PP Defense
1 - 54% - 60% - 4:37
2 - 46% - 40% - 3:55
PK Forward
1 - 80% - 60% - 1:43
2 - 20% - 40% - 0:25
PK Defense
1 - 100% - 60% - 2:08
2 - 0% - 40% - 0:00
PK3 Forward
1 - 0% - 60%
2 - 0% - 40%
PK3 Defense
1 - 0% - 60%
2 - 0% - 40%
44 Forward
1 - 0% - 60%
2 - 0% - 40%
44 Defense
1 - 0% - 60%
2 - 0% - 40%
Last Minute Offensive - 0:00
Last Minute Defensive - 0:38
Total
Forward - 60:00
Defense - 60:00
|
Play by Play
1st period
0:01 of 1st period - Jason Allison wins face-off versus Eric Staal in neutral zone.
0:04 of 1st period - Wrist shot by Corey Perry.
0:04 of 1st period - Stopped by Craig Anderson with a rebound.
0:08 of 1st period - Slapshot by Corey Perry.
0:08 of 1st period - Shot Misses the Net.
0:10 of 1st period - Wrist shot by Ryan Smyth.
0:10 of 1st period - Stopped by Craig Anderson with a rebound.
0:12 of 1st period - Slapshot by Marc Staal.
0:12 of 1st period - Shot Misses the Net.
0:33 of 1st period - Wrist shot by Mark Bell.
0:33 of 1st period - Stopped by Jimmy Howard with a rebound.
0:35 of 1st period - Slapshot by Tomas Kaberle.
0:35 of 1st period - Shot Misses the Net.
0:49 of 1st period - Steve Regier is hit by Mike Comrie and loses puck.
1:15 of 1st period - Tim Ramholt is hit by Erik Johnson and loses puck.
1:22 of 1st period - Snap shot by Colin Wilson.
1:22 of 1st period - Shot Blocked by Brian Campbell.
1:32 of 1st period - Snap shot by Mark Bell.
1:32 of 1st period - Shot Misses the Net.
1:34 of 1st period - Slapshot by Ron Hainsey.
1:34 of 1st period - Shot Misses the Net.
1:36 of 1st period - Slapshot by Keith Ballard.
1:36 of 1st period - Shot Blocked by Bryan Little.
1:38 of 1st period - Slapshot by Mikhail Grabovski.
1:38 of 1st period - Shot Misses the Net.
1:40 of 1st period - Slapshot by Keith Ballard.
1:40 of 1st period - Stopped by Jimmy Howard without a rebound.
1:41 of 1st period - Eric Staal wins face-off versus Jason Allison in Avalanche zone.
2:06 of 1st period - Ron Hainsey is hit by Michael Rupp and loses puck.
4:09 of 1st period - Snap shot by Brian Campbell.
4:09 of 1st period - Shot Blocked by Steve Eminger.
4:11 of 1st period - Slapshot by Tim Ramholt.
4:11 of 1st period - Shot Misses the Net.
4:35 of 1st period - Craig Adams is hit by Brian Campbell and loses puck.
4:40 of 1st period - Snap shot by Corey Perry.
4:40 of 1st period - Stopped by Craig Anderson with a rebound.
4:42 of 1st period - Slapshot by Tim Ramholt.
4:42 of 1st period - Deflect By Steve Eminger.
4:42 of 1st period - Stopped by Craig Anderson without a rebound.
4:43 of 1st period - Pierre-Marc Bouchard wins face-off versus Mikhail Grabovski in Flames zone.
4:58 of 1st period - Wrist shot by Pierre-Marc Bouchard.
4:58 of 1st period - Shot Misses the Net.
5:28 of 1st period - Ron Hainsey is hit by Marc Staal and loses puck.
6:14 of 1st period - Snap shot by Milan Hejduk.
6:14 of 1st period - Shot Misses the Net.
6:16 of 1st period - Slapshot by Ron Hainsey.
6:16 of 1st period - Stopped by Jimmy Howard with a rebound.
6:18 of 1st period - Snap shot by Milan Hejduk.
6:18 of 1st period - Goal by Milan Hejduk - Avalanche : 0 - Flames : 1.
6:19 of 1st period - Eric Staal wins face-off versus Pierre-Marc Bouchard in neutral zone.
6:29 of 1st period - Icing by Jack Johnson.
6:30 of 1st period - Pierre-Marc Bouchard wins face-off versus Eric Staal in Avalanche zone.
6:38 of 1st period - Off-side.
6:39 of 1st period - Ryan Smyth wins face-off versus Eric Staal in neutral zone.
6:51 of 1st period - Off-side.
6:52 of 1st period - Eric Staal wins face-off versus Jason Allison in neutral zone.
6:54 of 1st period - Off-side.
6:55 of 1st period - Alexander Semin wins face-off versus Jason Allison in neutral zone.
7:00 of 1st period - Brian Campbell is hit by Eric Staal.
7:06 of 1st period - Slapshot by Alexander Semin.
7:06 of 1st period - Stopped by Jimmy Howard with a rebound.
7:08 of 1st period - Slapshot by Steve Eminger.
7:08 of 1st period - Shot Blocked by Brian Campbell.
7:22 of 1st period - Jason Pominville is hit by Milan Hejduk and loses puck.
7:45 of 1st period - Slapshot by Mike Comrie.
7:45 of 1st period - Shot Misses the Net.
8:22 of 1st period - Chuck Kobasew is hit by Steve Regier and loses puck.
8:56 of 1st period - Slapshot by Bryan Little.
8:56 of 1st period - Stopped by Craig Anderson with a rebound.
9:19 of 1st period - Wrist shot by Bryan Little.
9:19 of 1st period - Shot Misses the Net.
11:16 of 1st period - Wrist shot by Bryan Little.
11:16 of 1st period - Shot Blocked by Filip Kuba.
11:22 of 1st period - Chuck Kobasew is hit by Patrik Berglund and loses puck.
12:56 of 1st period - Wrist shot by Jordin Tootoo.
12:56 of 1st period - Shot Blocked by Jack Johnson.
12:58 of 1st period - Snap shot by Jordin Tootoo.
12:58 of 1st period - Stopped by Jimmy Howard without a rebound.
12:59 of 1st period - Eric Staal wins face-off versus Pierre-Marc Bouchard in Avalanche zone.
13:41 of 1st period - Snap shot by Corey Perry.
13:41 of 1st period - Stopped by Craig Anderson with a rebound.
14:17 of 1st period - Brian Campbell is hit by Alexander Semin and loses puck.
16:58 of 1st period - Andrew Ladd is hit by Steve Eminger and loses puck.
18:23 of 1st period - Tomas Kaberle is hit by Shane O'Brien and loses puck.
Goals for this period are 0 for Avalanche vs 1 for Flames.
Shots for this period are 6 for Avalanche vs 6 for Flames.
2nd period
0:01 of 2nd period - Eric Staal wins face-off versus Jason Allison in neutral zone.
0:10 of 2nd period - Snap shot by David Backes.
0:10 of 2nd period - Shot Misses the Net.
0:12 of 2nd period - Snap shot by David Backes.
0:12 of 2nd period - Goal by David Backes - Avalanche : 0 - Flames : 2.
0:13 of 2nd period - Jason Allison wins face-off versus Eric Staal in neutral zone.
0:20 of 2nd period - Snap shot by Alexander Semin.
0:20 of 2nd period - Shot Misses the Net.
0:55 of 2nd period - Snap shot by Andrew Ladd.
0:55 of 2nd period - Deflect By David Backes.
0:55 of 2nd period - Shot Blocked by Steve Eminger.
0:55 of 2nd period - Puck is out of play.
0:56 of 2nd period - Pierre-Marc Bouchard wins face-off versus Mikhail Grabovski in Flames zone.
0:57 of 2nd period - Wrist shot by Michael Rupp.
0:57 of 2nd period - Goal by Michael Rupp - Avalanche : 1 - Flames : 2.
0:58 of 2nd period - Eric Staal wins face-off versus Jason Allison in neutral zone.
1:01 of 2nd period - Corey Perry is hit by David Backes and loses puck.
1:28 of 2nd period - Slapshot by Mark Bell.
1:28 of 2nd period - Goal by Mark Bell - Avalanche : 1 - Flames : 3.
1:29 of 2nd period - Mikhail Grabovski wins face-off versus Jason Allison in neutral zone.
1:32 of 2nd period - Slapshot by Steve Eminger.
1:32 of 2nd period - Shot Misses the Net.
1:34 of 2nd period - Minor Penalty to Shane O'Brien for Roughing.
1:35 of 2nd period - Mike Comrie wins face-off versus Eric Staal in Avalanche zone.
1:50 of 2nd period - Wrist shot by Andrew Ladd.
1:50 of 2nd period - Stopped by Craig Anderson with a rebound.
2:38 of 2nd period - Slapshot by Michael Rupp.
2:38 of 2nd period - Stopped by Craig Anderson without a rebound.
2:39 of 2nd period - Chuck Kobasew wins face-off versus Eric Staal in Flames zone.
3:08 of 2nd period - Slapshot by Dustin Byfuglien.
3:08 of 2nd period - Stopped by Craig Anderson without a rebound.
3:09 of 2nd period - Dustin Byfuglien wins face-off versus Alexander Semin in Flames zone.
3:34 of 2nd period - Penalty to Shane O'Brien is over, Shane O'Brien is back on ice.
3:59 of 2nd period - Wrist shot by Shane O'Brien.
3:59 of 2nd period - Shot Blocked by Ron Hainsey.
4:05 of 2nd period - Shane O'Brien is hit by Craig Adams and loses puck.
4:38 of 2nd period - Jack Johnson is hit by Tomas Kaberle and loses puck.
5:15 of 2nd period - Snap shot by Jordin Tootoo.
5:15 of 2nd period - Shot Hit the Post.
5:41 of 2nd period - Minor Penalty to Filip Kuba for Elbowing.
5:42 of 2nd period - Eric Staal wins face-off versus Jason Allison in Flames zone.
5:57 of 2nd period - Snap shot by Ryan Smyth.
5:57 of 2nd period - Stopped by Craig Anderson with a rebound.
7:08 of 2nd period - Mike Leclerc is hit by Ryan Smyth and loses puck.
7:41 of 2nd period - Penalty to Filip Kuba is over, Filip Kuba is back on ice.
8:24 of 2nd period - Michael Rupp is hit by Patrik Berglund and loses puck.
8:39 of 2nd period - Icing by Jordin Tootoo.
8:40 of 2nd period - Patrik Berglund wins face-off versus Mike Comrie in Flames zone.
8:48 of 2nd period - Steve Eminger is hit by Brian Campbell and loses puck.
9:16 of 2nd period - Icing by Jordin Tootoo.
9:17 of 2nd period - Pierre-Marc Bouchard wins face-off versus Mikhail Grabovski in Flames zone.
9:24 of 2nd period - Snap shot by Michael Rupp.
9:24 of 2nd period - Stopped by Craig Anderson with a rebound.
9:26 of 2nd period - Slapshot by Jason Pominville.
9:26 of 2nd period - Shot Blocked by Mark Bell.
9:32 of 2nd period - Backhand shot by Jason Pominville.
9:32 of 2nd period - Stopped by Craig Anderson with a rebound.
9:42 of 2nd period - Slapshot by Ryan Smyth.
9:42 of 2nd period - Shot Misses the Net.
9:44 of 2nd period - Wrist shot by Corey Perry.
9:44 of 2nd period - Shot Blocked by Erik Johnson.
9:46 of 2nd period - Slapshot by Ryan Smyth.
9:46 of 2nd period - Goal by Ryan Smyth - Avalanche : 2 - Flames : 3.
9:47 of 2nd period - Eric Staal wins face-off versus Jason Allison in neutral zone.
9:50 of 2nd period - Dave Tanabe is hit by David Backes and loses puck.
9:55 of 2nd period - Wrist shot by David Backes.
9:55 of 2nd period - Shot Misses the Net.
9:57 of 2nd period - Wrist shot by David Backes.
9:57 of 2nd period - Stopped by Jimmy Howard with a rebound.
9:59 of 2nd period - Slapshot by Tomas Kaberle.
9:59 of 2nd period - Deflect By Dave Tanabe.
9:59 of 2nd period - Stopped by Jimmy Howard without a rebound.
10:00 of 2nd period - Pierre-Marc Bouchard wins face-off versus Eric Staal in Avalanche zone.
10:26 of 2nd period - Corey Perry is hit by Craig Adams and loses puck.
10:27 of 2nd period - Corey Perry from Avalanche is injured at 10:27 of 2nd period (Bruised Right Leg).
10:28 of 2nd period - Jason Allison wins face-off versus Eric Staal in Avalanche zone.
10:28 of 2nd period - Jason Allison is hit by Eric Staal.
10:54 of 2nd period - Mark Bell is hit by Pierre-Marc Bouchard and loses puck.
11:04 of 2nd period - Minor Penalty to Milan Hejduk for Cross-checking.
11:05 of 2nd period - Dustin Byfuglien wins face-off versus Eric Staal in Flames zone.
11:13 of 2nd period - Wrist shot by Ryan Smyth.
11:13 of 2nd period - Deflect By Jason Allison.
11:13 of 2nd period - Goal by Jason Allison - Avalanche : 3 - Flames : 3.
11:14 of 2nd period - Eric Staal wins face-off versus Pierre-Marc Bouchard in neutral zone.
11:29 of 2nd period - Marc Staal is hit by David Backes.
11:41 of 2nd period - Jack Johnson is hit by Mark Bell and loses puck.
12:20 of 2nd period - Snap shot by Michael Rupp.
12:20 of 2nd period - Shot Misses the Net.
12:24 of 2nd period - Snap shot by Michael Rupp.
12:24 of 2nd period - Shot Blocked by Tomas Kaberle.
12:54 of 2nd period - Filip Kuba is hit by Bryan Little and loses puck.
12:59 of 2nd period - Wrist shot by Bryan Little.
12:59 of 2nd period - Shot Misses the Net.
13:15 of 2nd period - Slapshot by Colin Wilson.
13:15 of 2nd period - Stopped by Jimmy Howard with a rebound.
13:17 of 2nd period - Snap shot by Craig Adams.
13:17 of 2nd period - Shot Misses the Net.
13:19 of 2nd period - Slapshot by Ron Hainsey.
13:19 of 2nd period - Shot Blocked by Jack Johnson.
13:21 of 2nd period - Slapshot by Keith Ballard.
13:21 of 2nd period - Shot Blocked by Pierre-Marc Bouchard.
13:27 of 2nd period - Minor Penalty to Pierre-Marc Bouchard for Holding.
13:28 of 2nd period - Eric Staal wins face-off versus Mike Comrie in Avalanche zone.
13:31 of 2nd period - Snap shot by Eric Staal.
13:31 of 2nd period - Shot Misses the Net.
13:33 of 2nd period - Slapshot by Ron Hainsey.
13:33 of 2nd period - Stopped by Jimmy Howard with a rebound.
13:35 of 2nd period - Snap shot by David Backes.
13:35 of 2nd period - Shot Misses the Net.
13:59 of 2nd period - Wrist shot by Milan Hejduk.
13:59 of 2nd period - Shot Blocked by Andrew Ladd.
14:03 of 2nd period - Snap shot by Milan Hejduk.
14:03 of 2nd period - Deflect By Mark Bell.
14:03 of 2nd period - Goal by Mark Bell - Avalanche : 3 - Flames : 4.
14:04 of 2nd period - Ryan Smyth wins face-off versus Eric Staal in neutral zone.
14:13 of 2nd period - Slapshot by Ryan Smyth.
14:13 of 2nd period - Shot Misses the Net.
14:36 of 2nd period - Snap shot by Jason Pominville.
14:36 of 2nd period - Stopped by Craig Anderson without a rebound.
14:37 of 2nd period - Mikhail Grabovski wins face-off versus Dustin Byfuglien in Flames zone.
15:08 of 2nd period - Wrist shot by Jason Pominville.
15:08 of 2nd period - Stopped by Craig Anderson with a rebound.
15:41 of 2nd period - Steve Regier is hit by Rostislav Olesz and loses puck.
15:46 of 2nd period - Wrist shot by Rostislav Olesz.
15:46 of 2nd period - Stopped by Craig Anderson with a rebound.
15:48 of 2nd period - Snap shot by Chuck Kobasew.
15:48 of 2nd period - Deflect By Erik Johnson.
15:48 of 2nd period - Shot Blocked by Erik Johnson.
15:48 of 2nd period - Puck is out of play.
15:49 of 2nd period - Eric Staal wins face-off versus Jason Allison in Flames zone.
16:35 of 2nd period - Snap shot by Jason Pominville.
16:35 of 2nd period - Shot Blocked by Erik Johnson.
16:43 of 2nd period - Slapshot by Filip Kuba.
16:43 of 2nd period - Deflect By Mike Leclerc.
16:43 of 2nd period - Stopped by Jimmy Howard without a rebound.
16:44 of 2nd period - Eric Staal wins face-off versus Jason Allison in Avalanche zone.
16:51 of 2nd period - Snap shot by Eric Staal.
16:51 of 2nd period - Shot Misses the Net.
17:00 of 2nd period - Minor Penalty to Tim Ramholt for Goalie Interference.
17:01 of 2nd period - Eric Staal wins face-off versus Mike Comrie in Avalanche zone.
17:03 of 2nd period - Wrist shot by Eric Staal.
17:03 of 2nd period - Stopped by Jimmy Howard with a rebound.
17:05 of 2nd period - Wrist shot by David Backes.
17:05 of 2nd period - Stopped by Jimmy Howard with a rebound.
17:07 of 2nd period - Wrist shot by Alexander Semin.
17:07 of 2nd period - Stopped by Jimmy Howard with a rebound.
17:15 of 2nd period - Wrist shot by Eric Staal.
17:15 of 2nd period - Stopped by Jimmy Howard without a rebound.
17:16 of 2nd period - Eric Staal wins face-off versus Andrew Ladd in Avalanche zone.
17:23 of 2nd period - Snap shot by Eric Staal.
17:23 of 2nd period - Shot Misses the Net.
17:25 of 2nd period - Snap shot by Tomas Kaberle.
17:25 of 2nd period - Stopped by Jimmy Howard with a rebound.
17:27 of 2nd period - Snap shot by Alexander Semin.
17:27 of 2nd period - Stopped by Jimmy Howard without a rebound.
17:28 of 2nd period - Eric Staal wins face-off versus Mike Comrie in Avalanche zone.
19:00 of 2nd period - Penalty to Tim Ramholt is over, Tim Ramholt is back on ice.
19:32 of 2nd period - Slapshot by Erik Johnson.
19:32 of 2nd period - Shot Blocked by Tim Ramholt.
19:36 of 2nd period - Slapshot by Erik Johnson.
19:36 of 2nd period - Shot Misses the Net.
19:46 of 2nd period - Slapshot by Bryan Little.
19:46 of 2nd period - Shot Blocked by Steve Eminger.
19:48 of 2nd period - Slapshot by Jack Johnson.
19:48 of 2nd period - Stopped by Craig Anderson with a rebound.
19:50 of 2nd period - Snap shot by Jack Johnson.
19:50 of 2nd period - Shot Misses the Net.
Goals for this period are 3 for Avalanche vs 3 for Flames.
Shots for this period are 13 for Avalanche vs 14 for Flames.
3rd period
0:01 of 3rd period - Pierre-Marc Bouchard wins face-off versus Eric Staal in neutral zone.
0:04 of 3rd period - Snap shot by Jack Johnson.
0:04 of 3rd period - Stopped by Craig Anderson with a rebound.
0:06 of 3rd period - Snap shot by Pierre-Marc Bouchard.
0:06 of 3rd period - Stopped by Craig Anderson with a rebound.
0:08 of 3rd period - Wrist shot by Jack Johnson.
0:08 of 3rd period - Stopped by Craig Anderson without a rebound.
0:09 of 3rd period - Pierre-Marc Bouchard wins face-off versus Eric Staal in Flames zone.
0:16 of 3rd period - Slapshot by Pierre-Marc Bouchard.
0:16 of 3rd period - Shot Blocked by Erik Johnson.
0:18 of 3rd period - Slapshot by Jack Johnson.
0:18 of 3rd period - Stopped by Craig Anderson with a rebound.
0:20 of 3rd period - Slapshot by Marc Staal.
0:20 of 3rd period - Shot Misses the Net.
0:22 of 3rd period - Slapshot by Jack Johnson.
0:22 of 3rd period - Shot Misses the Net.
0:24 of 3rd period - Slapshot by Pierre-Marc Bouchard.
0:24 of 3rd period - Shot Misses the Net.
1:52 of 3rd period - Snap shot by Michael Rupp.
1:52 of 3rd period - Deflect By Jason Pominville.
1:52 of 3rd period - Shot Misses the Net.
1:52 of 3rd period - Puck is out of play.
1:53 of 3rd period - Jason Allison wins face-off versus Mikhail Grabovski in Flames zone.
1:58 of 3rd period - Wrist shot by Ryan Smyth.
1:58 of 3rd period - Stopped by Craig Anderson without a rebound.
1:59 of 3rd period - Jason Allison wins face-off versus Mikhail Grabovski in Flames zone.
2:50 of 3rd period - Tim Ramholt is hit by Craig Adams and loses puck.
3:27 of 3rd period - Jason Allison is hit by Craig Adams and loses puck.
4:26 of 3rd period - Dave Tanabe is hit by Steve Regier and loses puck.
4:51 of 3rd period - Michael Rupp is hit by Mike Leclerc and loses puck.
5:36 of 3rd period - Snap shot by Colin Wilson.
5:36 of 3rd period - Stopped by Jimmy Howard with a rebound.
5:48 of 3rd period - Jason Allison is hit by Steve Eminger and loses puck.
6:27 of 3rd period - Jason Pominville is hit by Filip Kuba and loses puck.
6:55 of 3rd period - Shane O'Brien is hit by Jordin Tootoo and loses puck.
7:06 of 3rd period - Mark Bell is hit by Andrew Ladd and loses puck.
8:12 of 3rd period - Slapshot by Keith Ballard.
8:12 of 3rd period - Stopped by Jimmy Howard without a rebound.
8:13 of 3rd period - Bryan Little wins face-off versus Eric Staal in Avalanche zone.
8:44 of 3rd period - Snap shot by Milan Hejduk.
8:44 of 3rd period - Stopped by Jimmy Howard with a rebound.
8:46 of 3rd period - Slapshot by Ron Hainsey.
8:46 of 3rd period - Stopped by Jimmy Howard without a rebound.
8:47 of 3rd period - Pierre-Marc Bouchard wins face-off versus Mikhail Grabovski in Avalanche zone.
9:37 of 3rd period - Snap shot by Alexander Semin.
9:37 of 3rd period - Shot Misses the Net.
9:39 of 3rd period - Wrist shot by Filip Kuba.
9:39 of 3rd period - Stopped by Jimmy Howard without a rebound.
9:40 of 3rd period - Eric Staal wins face-off versus Jason Allison in Avalanche zone.
9:58 of 3rd period - Wrist shot by Jason Allison.
9:58 of 3rd period - Deflect By Ryan Smyth.
9:58 of 3rd period - Shot Misses the Net.
9:58 of 3rd period - Puck is out of play.
9:59 of 3rd period - Bryan Little wins face-off versus Milan Hejduk in Flames zone.
10:02 of 3rd period - Wrist shot by Bryan Little.
10:02 of 3rd period - Stopped by Craig Anderson without a rebound.
10:03 of 3rd period - Mikhail Grabovski wins face-off versus Bryan Little in Flames zone.
10:38 of 3rd period - Wrist shot by Jason Allison.
10:38 of 3rd period - Shot Misses the Net.
10:40 of 3rd period - Snap shot by Ryan Smyth.
10:40 of 3rd period - Shot Misses the Net.
11:01 of 3rd period - Minor Penalty to Jason Pominville for Holding.
11:02 of 3rd period - Eric Staal wins face-off versus Mike Comrie in Avalanche zone.
12:27 of 3rd period - Backhand shot by Dustin Byfuglien.
12:27 of 3rd period - Stopped by Craig Anderson without a rebound.
12:28 of 3rd period - Patrik Berglund wins face-off versus Dustin Byfuglien in Flames zone.
13:01 of 3rd period - Penalty to Jason Pominville is over, Jason Pominville is back on ice.
14:02 of 3rd period - Off-side.
14:03 of 3rd period - Eric Staal wins face-off versus Bryan Little in neutral zone.
14:29 of 3rd period - Icing by Ron Hainsey.
14:30 of 3rd period - Eric Staal wins face-off versus Jason Allison in Flames zone.
14:30 of 3rd period - Eric Staal is hit by Jason Allison.
14:45 of 3rd period - Minor Penalty to Ryan Smyth for Hooking.
14:46 of 3rd period - Mike Comrie wins face-off versus Eric Staal in Avalanche zone.
14:54 of 3rd period - Erik Johnson is hit by Jack Johnson and loses puck.
16:17 of 3rd period - Tomas Kaberle is hit by Michael Rupp and loses puck.
16:45 of 3rd period - Penalty to Ryan Smyth is over, Ryan Smyth is back on ice.
17:22 of 3rd period - Mikhail Grabovski is hit by Chuck Kobasew and loses puck.
18:21 of 3rd period - Icing by Keith Ballard.
18:22 of 3rd period - Eric Staal wins face-off versus Jason Allison in Flames zone.
18:24 of 3rd period - Icing by Keith Ballard.
18:25 of 3rd period - Eric Staal wins face-off versus Mike Comrie in Flames zone.
18:25 of 3rd period - Eric Staal is hit by Andrew Ladd.
18:31 of 3rd period - Ron Hainsey is hit by Tim Ramholt.
19:00 of 3rd period - Avalanche, Jimmy Howard is pulled from the net.
19:29 of 3rd period - Slapshot by Eric Staal.
19:29 of 3rd period - Goal by Eric Staal - Avalanche : 3 - Flames : 5.
19:29 of 3rd period - Jimmy Howard from Avalanche was sent back in the game.
19:30 of 3rd period - Eric Staal wins face-off versus Jason Allison in neutral zone.
19:32 of 3rd period - Off-side.
19:33 of 3rd period - Jason Allison wins face-off versus Eric Staal in neutral zone.
19:38 of 3rd period - Wrist shot by Jason Allison.
19:38 of 3rd period - Stopped by Craig Anderson with a rebound.
Goals for this period are 0 for Avalanche vs 1 for Flames.
Shots for this period are 8 for Avalanche vs 6 for Flames.
Output by the SimonT Hockey Simulator (STHS) for François Prévost -- Original Page W3C XHTML 1.0 Valid